AoeStats
← COFFY

Arabia

506286396Analyzed
4v4 RM · 20d ago on Sep 13, 2026· 39m 31s· 8 players
Game mode
Random Map
Map size
Large (8 player)
Population
200
Speed
Normal
Resources
Standard
Victory
Conquest
Starting age
Dark Age
Ending age
Imperial Age
RankedLock teamsTeams togetherTeam positionsShared explorationLock speedFull tech treeHidden civsTurbo modeCheats
Victory
Defeat
🇨🇱 Huns · Chile
1092
+16
🇨🇱 Maya · Chile
1042
+18
🇻🇳 Franks · Vietnam
1034
+19
🇻🇳 Aztecs · Vietnam
1018
+19
🇨🇴 Mongols · Colombia
1169
-21
🇨🇴 Wu · Colombia
1109
-19
🇨🇴 Vietnamese · Colombia
1100
-18
🇨🇴 Malians · Colombia
982
-14
xinhdep15
0:27 Loom
11:57 Feudal Age
17:28 Castle Age
18:10 Double-Bit Axe
18:16 Gold Mining
19:06 Fletching
19:26 Crossbowman
21:42 Padded Archer Armor
25:28 Wheelbarrow
26:19 Leather Archer Armor
29:56 Hand Cart
30:38 Bodkin Arrow
40:41 Imperial Age
nas! ANDi
11:27 Feudal Age
15:36 Castle Age
14:14 Loom
16:13 Double-Bit Axe
17:19 Bow Saw
22:02 Gold Mining
22:46 Bloodlines
26:10 Scale Barding Armor
27:59 Wheelbarrow
29:28 Forging
31:12 Chain Barding Armor
33:19 Iron Casting
36:35 Town Watch
39:33 Husbandry
39:45 Town Patrol
39:46 Devotion
40:08 Sanctity
39:49 Atonement
COFFY
0:43 Loom
10:27 Feudal Age
31:17 Castle Age
31:45 Pikeman
32:25 Squires
34:54 Double-Bit Axe
39:53 Fletching
40:04 Padded Archer Armor
GANADO
9:45 Feudal Age
9:49 Man-at-Arms
19:10 Double-Bit Axe
24:03 Castle Age
22:49 Scale Barding Armor
23:50 Forging
24:51 Husbandry
25:53 Stone Mining
25:54 Gold Mining
26:03 Gold Mining
27:20 Pikeman
29:57 Loom
zFox1982
7:25 Loom
10:01 Feudal Age
10:26 Double-Bit Axe
10:24 Horse Collar
20:45 Wheelbarrow
26:25 Castle Age
25:26 Fletching
26:47 Padded Archer Armor
29:11 Bodkin Arrow
35:53 Bow Saw
johnhembert
10:53 Feudal Age
9:14 Loom
19:01 Castle Age
17:54 Double-Bit Axe
22:10 Wheelbarrow
21:27 Arson
21:43 Squires
23:25 Bow Saw
23:09 Horse Collar
24:13 Heavy Plow
24:58 Forging
26:18 Scale Mail Armor
35:53 Chain Mail Armor
36:16 Iron Casting
36:10 Pikeman
37:14 Fletching
37:25 Padded Archer Armor
39:42 Bodkin Arrow
39:18 Elite Skirmisher
williamvasquez83
9:35 Feudal Age
13:57 Scale Barding Armor
22:01 Castle Age
20:21 Horse Collar
23:19 Double-Bit Axe
23:33 Gold Mining
24:49 Bloodlines
24:54 Forging
26:30 Scale Barding Armor
27:55 Iron Casting
chomisplate
6:35 Loom
9:35 Feudal Age
10:25 Double-Bit Axe
13:35 Forging
15:26 Horse Collar
20:07 Scale Barding Armor
23:56 Castle Age
21:54 Fletching
24:16 Bloodlines
28:01 Iron Casting
30:39 Bodkin Arrow
Connection lost

Rejoining the realm…

Still unreachable

The connection could not be restored.

Session expired

The server has moved on; the page needs a fresh start.